 Dungeon Crawl Stone Soup version 0.30.0-11-gf55b779eaf (webtiles) character file.

Game seed: 12999094113446716315

21 Esekla the Grave Robber (level 2, 18/18 HPs)
             Began as an Octopode Necromancer on May 17, 2023.
             Was a Follower of Makhleb.
             Got out of the dungeon alive.
             The game lasted 00:04:03 (879 turns).

Esekla the Grave Robber (Octopode Necromancer)       Turns: 879, Time: 00:04:03

Health: 18/18      AC:  1    Str:  7    XL:     2   Next: 83%
Magic:  14/14      EV: 13    Int: 17    God:    Makhleb [*.....]
Gold:   44         SH:  0    Dex: 12    Spells: 4/5 levels left

rFire   . . .        d - +0 lajatang
rCold   . . .        (shield currently unavailable)
rNeg    . . .        (helmet restricted)
rPois   .            (no amulet)
rElec   .            e - ring of magical power
rCorr   .            (no ring)
SInv    .            (no ring)
Will    .....        (no ring)
Stlth   +++          (no ring)
HPRegen 0.23/turn    (no ring)
MPRegen 0.14/turn    (no ring)
                     (no ring)

%: no passive effects
@: no status effects
A: almost no armour, amphibious, 8 rings, camouflage 1, gelatinous body 1,
(nimble swimmer 1), tentacles
a: Renounce Religion


You escaped.
You worshipped Makhleb.
Makhleb was aware of your devotion.
You visited 1 branch of the dungeon, and saw 2 of its levels.

You collected 44 gold pieces.

Inventory:

Hand Weapons
 d - a +0 lajatang (weapon)
 f - a +0 dagger
Armour
 i - a +0 buckler
Jewellery
 e - a ring of magical power (left tentacle)
Scrolls
 b - 2 scrolls of teleportation {unknown}
 g - a scroll of immolation {unknown}
 h - 2 scrolls of fog {unknown}
 j - a scroll of identify {unknown}
 l - a scroll of torment {unknown}
Potions
 a - a potion of magic
 c - 2 potions of might {unknown}
 k - a potion of haste {unknown}


   Skills:
 * Level 0.4 Fighting
 + Level 0.2 Staves
 * Level 2.1 Dodging
 + Level 2.9 Stealth
 * Level 0.2 Shields
 * Level 2.1 Spellcasting
 + Level 4.4 Necromancy


You had 4 spell levels left.
You knew the following spells:

 Your Spells              Type           Power      Damage    Failure   Level
a - Necrotise             Necr           64%        1d7       3%          1

Your spell library contained the following spells:

 Spells                   Type           Power      Damage    Failure   Level
 Vampiric Draining        Necr           16%        2d7       10%         3
 Animate Dead             Necr           16%        N/A       30%         4
 Agony                    Necr           16%        N/A       65%         5


Dungeon Overview and Level Annotations

Branches:
Dungeon (2/15)

Altars:
Makhleb

Annotations:
D:2 Terence


Innate Abilities, Weirdness & Mutations

You cannot wear most types of armour.
You are amphibious.
You can wear up to eight rings at the same time.
Your skin changes colour to match your surroundings (Stealth+).
Your rubbery body absorbs attacks. (AC +1, EV +1)
((You are camouflaged when in or above water. (Stealth+)))
You have tentacles for arms and can constrict up to eight enemies at once.


Message History

The helpless frilled lizard fails to defend itself.
You hit the frilled lizard.
You kill the frilled lizard!
You see here a frilled lizard corpse.
Found a faded altar of an unknown god.
There is a stone staircase leading down here.
Found a stone staircase leading up.
Found a scroll labelled YBUGYP RYPH.
l - a scroll labelled YBUGYP RYPH You open the door.
There is an open door here.
A bat comes into view.
The bat hits you but does no damage. The bat hits you but does no damage.
Terence the Incautious comes into view.
He is wielding a +2 morningstar of protection.
The bat hits you but does no damage.
There is a faded altar of an unknown god here.
This altar belongs to (a) Ashenzari, (b) Ignis or (c) Makhleb, but you can't tell which.
Press the corresponding letter to learn more about a god, or press enter to convert or escape to cancel.
Makhleb accepts your prayer! Makhleb welcomes you!
You can now gain health from killing.
The bat closely misses you.
Unknown command.
Press < or > to pray at altars.
The bat barely misses you.
You barely miss the bat. You grab the bat. You constrict the bat.
You kill the bat!
Makhleb accepts your kill.
(D) Dungeon
Where to? (Enter - D:2, ? - help)
There is a stone staircase leading up here.
You climb upwards.
There is a stone staircase leading down here.
You open the door.
There is an open door here.
There is an open door here.
There is an abandoned shop here.
There is a staircase leading out of the dungeon here.
Are you sure you want to leave the Dungeon?
This will make you lose the game!
You have escaped!

.#.....###.#.#∩.....∩######## #.
.#.#.........##.....∩#......# #.
.#.#.#.......##.....∩#......# #.
.#.#.#.....#.#......##......# #.
.#.#.#..####.#∩.....##......# #.
.#†#.#.......###...###......####.
##.#.##..##### #...# #.........#.
#.#.###.#### #..## ##......(...
#.#.# #....## #@## #..........
#.#.# ####..##########..........
#.#.#######..........'..........
#.#..............#####..........
#........#######.# #....>...##
########.# #.# ###........#
####'##### #.# #..........#
#........###.# #....##.####
#........'...# #....##.#


There were no monsters in sight!

Vanquished Creatures
  3 bats
  2 endoplasms (D:1)
  2 giant cockroaches (D:1)
  A hobgoblin (D:1)
  3 jackals (D:1)
  2 kobolds (D:1)
  A quokka (D:1)
  3 frilled lizards
  A rat (D:1)
18 creatures vanquished.

Notes
Turn   | Place    | Note
-------+----------+-------------------------------------------
     0 | D:1      | Esekla the Octopode Necromancer began the quest for the
                  | Orb.
     0 | D:1      | Reached XP level 1. HP: 11/11 MP: 3/3
   174 | D:1      | Reached XP level 2. HP: 17/17 MP: 5/5
   757 | D:2      | Found a faded altar of an unknown god.
   797 | D:2      | Noticed Terence
   798 | D:2      | Prayed at the altar of an unknown god.
   798 | D:2      | Became a worshipper of Makhleb the Destroyer
   798 | D:2      | Reached * piety under Makhleb
   879 | D:$      | Got out of the dungeon alive.

Illustrated notes

Levels and vault maps discovered:
D:1:      amcnicky_arrival_abandoned_market, layout_basic
D:2:      minmay_skewed_foursquare, layout_basic, shapermc_ecumenical_altar_gd,
          minmay_misc_feat_roman, kennysheep_generic_room_9, uniq_terence

Action                     || total
---------------------------++-------
  Melee: Lajatang          ||    22
         Unarmed           ||     4
         Constrict         ||     4
         Tentacles         ||     2
   Stab: Sleeping          ||     6
         Distracted        ||     1
 Armour: Skin              ||     3
  Dodge: Dodged            ||    11
